 Dungeon Crawl Stone Soup version 0.17-a0-1368-g6ab37f2 (webtiles) character file.

43 wvc the Ducker (level 3, -7/27 HPs)
             Began as a Human Wanderer on June 12, 2015.
             Killed by divine providence
             ... invoked by an orc priest
              (12 damage)
             ... on level 4 of the Dungeon.
             The game lasted 00:02:52 (1290 turns).

wvc the Ducker (Human Wanderer)                     Turns: 1290, Time: 00:02:53

Health: -7/27      AC:  5    Str: 10    XL:     3   Next: 82%
Magic:  3/3        EV: 10    Int: 16    God:
Gold:   26         SH:  0    Dex:  9    Spells: 0 memorised, 2 levels left

rFire  . . .     SeeInvis .     e - -3 mace (curse)
rCold  . . .     Clarity  .     m - +0 ring mail
rNeg   . . .     SustAt   .     (no shield)
rPois  .         Gourm    .     (no helmet)
rElec  .         Spirit   .     (no cloak)
rCorr  .         Warding  .     (no gloves)
rMut   .         Stasis   .     (no boots)
MR     .....                    (no amulet)
Stlth  +.........               (no ring)
                                (no ring)

@: not resistant to hostile enchantments, very unstealthy
A: clumsy 1
a: no special abilities


You were on level 4 of the Dungeon.
You were not hungry.

You visited 1 branch of the dungeon, and saw 4 of its levels.

You collected 26 gold pieces.

Inventory:

Hand weapons
 a - a +3 dagger
 e - a cursed -3 mace (weapon)
 k - a +0 whip
Armour
 m - a +0 ring mail (worn)
Scrolls
 b - a scroll of fear
 g - a scroll of identify
 h - 3 scrolls of remove curse
Potions
 c - 2 potions of lignification
 d - 2 potions of curing
Comestibles
 f - a bread ration
 n - 2 meat rations


   Skills:
 - Level 2.0 Fighting
 * Level 0.2 Maces & Flails
   Level 1.0 Polearms
 * Level 1.9 Armour
 + Level 3.1 Dodging
 - Level 2.0 Stealth
 - Level 3.0 Unarmed Combat


You had 2 spell levels left.
You didn't know any spells.

Dungeon Overview and Level Annotations

Branches:
Dungeon (4/15)
 Temple: D:4-7

Altars:


Innate Abilities, Weirdness & Mutations

You are clumsy. (Dex -2)


Message History

The orc priest shouts!
The orc shouts!
The ogre shouts!
The orc priest shouts!
Found a meat ration.
There is a stone staircase leading up here.
Unknown command.
The kobold closely misses you.
Found 9 bolts.
You see here a meat ration.
n - 2 meat rations (gained 1)
The orc hits you with a short sword.
* * * LOW HITPOINT WARNING * * *
The orc priest closely misses you.
An adder and a goblin come into view.
The goblin shouts!
Found a bread ration.
You closely miss the goblin. The goblin hits you.
* * * LOW HITPOINT WARNING * * *
The orc hits you but does no damage.
The orc priest calls down the wrath of Beogh upon you.
Something smites you!
You die...

#.# .# .##
###.##.###...
#............
#............
#..........#.
#......o.....
#.KoOo.....#
###o######.#
#@# #.gS...#
#........
#.(..%...
#......#.
#......#
#.###.... #..
....


You could see an ogre, an orc priest, an adder, an orc, a goblin and a kobold.

Vanquished Creatures
  2 giant geckos (D:1)
  3 giant cockroaches (D:1)
  5 goblins
  4 hobgoblins
  2 jackals (D:1)
  7 kobolds
  4 bats (D:1)
  2 giant newts
  6 rats
35 creatures vanquished.

Notes
Turn   | Place    | Note
--------------------------------------------------------------
     0 | D:1      | wvc the Human Wanderer began the quest for the Orb.
     0 | D:1      | wvc set off with: a +2 dagger, a scroll of fear, a potion of lignification, a potion of curing, a +0 robe, a bread ration
     0 | D:1      | Reached XP level 1. HP: 16/16 MP: 1/1
    79 | D:1      | Reached skill level 1 in Armour
    79 | D:1      | Reached XP level 2. HP: 12/22 MP: 2/2
   426 | D:1      | Reached XP level 3. HP: 15/27 MP: 3/3
  1238 | D:2      | Gained mutation: You have a pair of small horns on your head. [potion of mutation]
  1238 | D:2      | Gained mutation: You are clumsy. (Dex -2) [potion of mutation]
  1238 | D:2      | Lost mutation: You have a pair of small horns on your head. [potion of mutation]
  1275 | D:2      | You fall through a shaft!
  1285 | D:4      | Noticed an ogre
  1290 | D:4      | Killed from afar by an orc priest

Vault maps used:
D:1:      saegor_arrival_miasma, st_stairs_4
D:2:      ecumenical_altar_2
D:3:      lemuel_crystal_altar
D:4:      lightli_temple_of_fire, lemuel_doored_altar, first_bread,
          serial_shops, nicolae_shop_behind_doors, uniq_menkaure, uniq_sigmund

Action                   || total
-------------------------++-------
Melee: Unarmed           ||   128
       Mace              ||    22
  Use: Scroll            ||     5
       Potion            ||     1
 Stab: Sleeping          ||     1
  Eat: Chunk             ||     1
